 Dungeon Crawl Stone Soup version 0.22-a0-455-ga0624bf (webtiles) character file.

2974 KristoblXynda the Cleaver (level 9, 0/76 HPs)
             Began as a Deep Dwarf Fighter on June 5, 2018.
             Was a Priest of Makhleb.
             Slain by a two-headed ogre
             ... wielding a +0 giant club
              (22 damage)
             ... on level 7 of the Dungeon.
             The game lasted 00:14:53 (5623 turns).

KristoblXynda the Cleaver (Deep Dwarf Fighter)      Turns: 5623, Time: 00:14:54

Health: 0/76       AC: 12    Str: 21    XL:     9   Next: 53%
Magic:  5/5        EV: 11    Int: 11    God:    Makhleb [***...]
Gold:   449        SH: 11    Dex: 17    Spells: 8/8 levels left

rFire    . . .     SeeInvis .   l - +1 war axe (freeze)
rCold    . . .     Gourm    .   c - +0 shield
rNeg     . . .     Faith    .   q - +1 chain mail
rPois    .         Spirit   .   (no helmet)
rElec    .         Reflect  .   (no cloak)
rCorr    .         Harm     .   (no gloves)
MR       +....                  n - +0 pair of boots
Stlth    ..........             (no amulet)
HPRegen  0.00/turn              (no ring)
MPRegen  0.09/turn              (no ring)

@: agile, non-regenerating, heavily drained
A: damage resistance, heal wounds, sense surroundings 2, no regeneration
a: Heal Wounds, Minor Destruction, Lesser Servant of Makhleb, Renounce Religion


You were on level 7 of the Dungeon.
You worshipped Makhleb.
Makhleb was most pleased with you.
You were full.

You visited 2 branches of the dungeon, and saw 8 of its levels.
You also visited: Sewer.

You collected 449 gold pieces.

Inventory:

Hand Weapons
 l - a +1 war axe of freezing (weapon)
 o - a +0 morningstar
Armour
 c - a +0 shield (worn)
 n - a +0 pair of boots (worn)
 q - a +1 chain mail (worn)
Jewellery
 u - an uncursed amulet of magic regeneration
Scrolls
 b - a scroll of amnesia
 e - a scroll of enchant weapon
 h - a scroll of blinking
 m - 8 scrolls of teleportation
Potions
 d - a potion of might
 g - a potion of agility
 i - a potion of mutation
 k - 4 potions of flight
 p - a potion of brilliance
Comestibles
 f - 9 rations


   Skills:
 + Level 3.3(1.8) Fighting
 + Level 9.9(8.1) Axes
 + Level 7.9(6.2) Armour
 + Level 2.7(1.2) Dodging
 + Level 7.9(6.2) Shields


You had 8 spell levels left.
You didn't know any spells.
Your spell library contained the following spells:

 Spells                   Type           Power        Failure   Level  Hunger
 Magic Dart               Conj           #...         100%        1    ##.....
 Iskenderun's Mystic Bla  Conj           #.......     100%        4    #####..
 Spider Form              Tmut/Pois      #.........   100%        3    ####...
 Blade Hands              Tmut           #.........   100%        5    ######.
 Ice Form                 Ice/Tmut       #.......     100%        4    #####..
 Sticks to Snakes         Tmut           #.......     100%        2    ###....
 Beastly Appendage        Tmut           #.....       100%        1    ##.....
 Fulminant Prism          Conj/Hex       #.........   100%        4    #####..
 Dazzling Spray           Conj/Hex       #.....       100%        3    ####...
 Force Lance              Conj/Tloc      #.......     100%        4    #####..
 Searing Ray              Conj           #.....       100%        2    ###....


Dungeon Overview and Level Annotations

Branches:
Dungeon (7/15)             Temple (1/1) D:4

Altars:
Dithmenos
Elyvilon
Fedhas
Gozag
Hepliaklqana
Kikubaaqudgha
Makhleb
Nemelex Xobeh
Qazlal
Ru
Sif Muna
Trog
Uskayaw
Vehumet
Wu Jian
Xom
Yredelemnul
The Shining One


Innate Abilities, Weirdness & Mutations

You are resistant to damage.
You can heal yourself by infusing magical energy.
You passively map the area around you.
You do not regenerate.


Message History

The two-headed ogre barely misses you.
Your shield and chain mail prevent you from hitting the two-headed ogre.
The two-headed ogre hits you with a giant club!!
The two-headed ogre closely misses you.
Your shield and chain mail prevent you from hitting the two-headed ogre.
The two-headed ogre barely misses you. The two-headed ogre misses you.
You slash the two-headed ogre! You freeze the two-headed ogre.
The two-headed ogre is moderately wounded.
You hit the two-headed ogre. You freeze the two-headed ogre.
The two-headed ogre is moderately wounded.
The two-headed ogre barely misses you. x2
You barely miss the two-headed ogre.
The two-headed ogre is moderately wounded.
You block the two-headed ogre's attack.
The two-headed ogre hits you with a giant club.
* * * LOW HITPOINT WARNING * * *
You slice the two-headed ogre!! You freeze the two-headed ogre!
The two-headed ogre is almost dead.
The two-headed ogre hits you with a giant club!!
You die...

#......#.....##.#.#.####....# ,
#......#.....'..#..........##*,
#......#.....#..#........#.##
,#......#.#+###..#........#..##.
,, #.# #..#.#....#.##.##. , , *
#.# #..#.####.#.##.##. , * *, ,
#..#.# #.#.##.##. , ,* #O.#.#
#.#'##..#. ,, + #@.#.#
#.....#.#. , , ,
,#..#.####....(#.#. , * ,
,#.(...........#†#.
#....#####....#.#. , ,
#.............#... , * ,
#...#######.#..... ,, * #...#
#....... #...#.# #....... *
*#########**#...#.#. #.......


You could see a two-headed ogre.

Vanquished Creatures
  The ghost of VincentAMV the Shield-Bearer, an amateur MiFi (D:4)
  Grinder (D:3)
  A hippogriff (D:7)
  Duvessa (D:5)
  An orc warrior (D:6)
  3 ice beasts
  A black bear (D:6)
  A centaur (D:7)
  2 ogres
  A big kobold (D:7)
  A bullfrog (D:6)
  Dowan (D:5)
  2 scorpions
  A jelly (D:5)
  5 wights (D:7)
  A howler monkey (D:4)
  A crimson imp (D:5)
  A quasit (D:6)
  5 orc priests
  A bullfrog skeleton (D:5)
  A centaur skeleton (D:6)
  6 orc wizards
  Jessica (D:2)
  An iguana (D:4)
  A merfolk avatar (Sewer)
  A merfolk siren (Sewer)
  6 worker ants
  A hound skeleton (D:4)
  A worker ant zombie (D:5)
  4 gnolls (D:6)
  8 adders
  2 river rats (Sewer)
  2 adder skeletons
  9 worms
  3 dart slugs
  6 leopard geckos
  19 orcs
  9 ball pythons
  5 giant cockroaches
  6 goblins
  3 hobgoblins
  7 jackals
  2 quokkas
  A ball python skeleton (D:5)
  6 bats
  12 frilled lizards
  A giant cockroach zombie (D:6)
  10 kobolds
  29 rats
195 creatures vanquished.

Notes
Turn   | Place    | Note
-------+----------+-------------------------------------------
     0 | D:1      | KristoblXynda the Deep Dwarf Fighter began the quest for the Orb.
     0 | D:1      | Reached XP level 1. HP: 20/20 MP: 1/1
   474 | D:2      | Reached XP level 2. HP: 25/27 MP: 2/2
   569 | D:2      | Noticed Jessica
   576 | D:2      | Killed Jessica
   576 | D:2      | Reached skill level 3 in Axes
   576 | D:2      | Reached XP level 3. HP: 31/33 MP: 3/3
   788 | D:2      | Noticed an ice beast
   797 | D:2      | Killed an ice beast
   797 | D:2      | Reached skill level 4 in Axes
   797 | D:2      | Reached XP level 4. HP: 24/40 MP: 4/4
   797 | D:2      | Reached XP level 5. HP: 28/46 MP: 5/5
  1698 | D:3      | Reached skill level 5 in Axes
  1780 | D:3      | Noticed Grinder
  1793 | D:3      | Paralysed by Grinder for 6 turns
  1804 | D:3      | Killed Grinder
  1804 | D:3      | Reached skill level 5 in Armour
  1804 | D:3      | Reached skill level 5 in Shields
  1804 | D:3      | Reached XP level 6. HP: 31/55 MP: 5/5
  1957 | D:4      | Found a staircase to the Ecumenical Temple.
  1967 | Temple   | Entered the Ecumenical Temple
  2074 | Temple   | Became a worshipper of Makhleb the Destroyer
  2232 | D:4      | Reached skill level 6 in Axes
  2237 | D:4      | Reached XP level 7. HP: 17/61 MP: 6/6
  2345 | D:4      | Found a radiant altar of Vehumet.
  2503 | D:4      | Noticed VincentAMV's ghost (amateur MiFi)
  2518 | D:4      | Killed VincentAMV's ghost
  2518 | D:4      | Reached skill level 7 in Axes
  2598 | D:4      | Reached XP level 8. HP: 18/68 MP: 7/7
  2883 | D:5      | Entered Level 5 of the Dungeon
  2935 | D:5      | Reached * piety under Makhleb
  3141 | D:5      | Reached skill level 8 in Axes
  3387 | D:5      | Noticed Duvessa
  3388 | D:5      | Noticed Dowan
  3397 | D:5      | Killed Duvessa
  3414 | D:5      | Killed Dowan
  3587 | D:5      | HP: 2/68 [acid (9)]
  3597 | D:5      | HP: 2/68 [acid (7)]
  3710 | D:5      | Reached skill level 9 in Axes
  3904 | D:6      | Found a glowing drain.
  3925 | D:6      | Gained mutation: You passively map the area around you. [Deep Dwarf growth]
  3925 | D:6      | Reached XP level 9. HP: 22/74 MP: 5/5
  3936 | Sewer    | Entered a sewer
  3946 | Sewer    | Reached ** piety under Makhleb
  4626 | D:6      | Reached *** piety under Makhleb
  4678 | D:6      | Reached skill level 1 in Dodging
  5465 | D:7      | Noticed a two-headed ogre
  5623 | D:7      | Slain by a two-headed ogre

Vault maps used:
D:1:      ebering_trefoil_twist
D:2:      uniq_jessica
D:3:      first_ration, minmay_unequal, uniq_grinder
D:4:      minmay_temple_entry_mist, vehumet_altar_wand_db
D:5:      uniq_duvessa
D:6:      cheibrodos_sewer_entry_bend
D:7:      cheibrodos_helix_gallery, overflow_temple_1_default, grunt_livestock,
          lemuel_statue_altar
Temple:   dpeg_five_rooms_temple
Sewer:    sewer_sea

Skill      XL: |  1  2  3  4  5  6  7  8  9 |
---------------+----------------------------+-----
Axes           | 3 4 5 6 7 9 |  9.9
Armour         | 4 5 6 7 |  7.9
Shields        | 4 5 6 7 |  7.9
Dodging        | 2 |  2.7
Fighting       | 3 |  3.3

Action                   |  1- 3 |  4- 6 |  7- 9 || total
-------------------------+-------+-------+-------++-------
Melee: War axe           |    63 |   174 |   485 ||   722
 Abil: Heal Wounds       |       |     3 |    10 ||    13
  Use: Potion            |     1 |     1 |     9 ||    11
       Scroll            |       |     6 |    14 ||    20
  Eat: Chunk             |       |     5 |     6 ||    11
       Ration            |       |       |     3 ||     3
Armor: Scale mail        |    11 |       |       ||    11
       Ring mail         |    14 |    64 |   103 ||   181
       Chain mail        |       |       |    48 ||    48
Dodge: Dodged            |    27 |    56 |   148 ||   231
Block: Shield            |    26 |    97 |   251 ||   374

Table legend:
 A = Spawn XP
 B = Non-spawn XP
 C = Spawn XP percentage of total XP
 D = Spawn monster count
 E = Non-spawn monster count
 F = Spawn count percentage of total count
 G = Total turns spent on level
                    A         B        C        D         E        F      G
               +---------+---------+-------+---------+---------+-------+---------
         Total |       0 |    4249 |   0.0 |       0 |     195 |   0.0 |  5623
               +---------+---------+-------+---------+---------+-------+---------
           D:1 |       0 |       9 |   0.0 |       0 |       6 |   0.0 |   459
           D:2 |       0 |     204 |   0.0 |       0 |      20 |   0.0 |   696
           D:3 |       0 |     404 |   0.0 |       0 |      31 |   0.0 |   801
           D:4 |       0 |     822 |   0.0 |       0 |      24 |   0.0 |   730
           D:5 |       0 |    1023 |   0.0 |       0 |      30 |   0.0 |   830
           D:6 |       0 |     818 |   0.0 |       0 |      25 |   0.0 |   724
           D:7 |       0 |     836 |   0.0 |       0 |      19 |   0.0 |   564
         Sewer |       0 |     133 |   0.0 |       0 |      40 |   0.0 |   622
               +---------+---------+-------+---------+---------+-------+---------
